 Dungeon Crawl Stone Soup version 0.28.0-47-ge53b351184 (webtiles) character file.

Game seed: 9950348501344593922

168 Peloso the Shield-Bearer (level 5, -2/46 HPs)
             Began as a Minotaur Fighter on Apr 28, 2022.
             Slain by a bullfrog skeleton (4 damage)
             ... on level 5 of the Dungeon.
             The game lasted 00:03:25 (2488 turns).

Peloso the Shield-Bearer (Minotaur Fighter)         Turns: 2488, Time: 00:03:26

Health: -2/46      AC:  7    Str: 20    XL:     5   Next: 24%
Magic:  4/4        EV:  9    Int:  5    God:
Gold:   78         SH:  7    Dex: 12    Spells: 4/4 levels left

rFire   . . .      SeeInvis .   a - +0 long sword
rCold   + . .      Faith    .   e - +2 buckler {rC+}
rNeg    . . .      Spirit   .   b - +0 scale mail
rPois   .          Reflect  .   (helmet restricted)
rElec   .          Harm     .   (no cloak)
rCorr   .          Rampage  .   (no gloves)
Will    .....                   (no boots)
Stlth   ..........              (no amulet)
HPRegen 0.15/turn               (no ring)
MPRegen 0.09/turn               (no ring)

@: hasted, very quick
A: horns 2, retaliatory headbutt
a: no special abilities


You were on level 5 of the Dungeon.
You visited 1 branch of the dungeon, and saw 5 of its levels.

You collected 78 gold pieces.

Inventory:

Hand Weapons
 a - a +0 long sword (weapon)
Armour
 b - a +0 scale mail (worn)
 c - a +0 buckler
 e - a +2 buckler of cold resistance (worn)
Scrolls
 f - 3 scrolls of enchant weapon {unknown}
 g - 2 scrolls of identify {unknown}
 h - 3 scrolls of noise {unknown}
 k - a scroll of summoning {unknown}
 l - a scroll of torment {unknown}
 o - a scroll of teleportation {unknown}
 p - a scroll of fog {unknown}
 q - a scroll of silence {unknown}
Potions
 d - 2 potions of might
 i - a potion of heal wounds {unknown}
 j - a potion of haste
 m - a potion of degeneration {unknown}
 n - a potion of brilliance {unknown}
 r - a potion of lignification {unknown}


   Skills:
 + Level 4.3 Fighting
 + Level 3.6 Long Blades
 + Level 4.8 Armour
 + Level 1.1 Dodging
 + Level 5.1 Shields


You had 4 spell levels left.
You didn't know any spells.
Your spell library contained the following spells:

 Spells                   Type           Power      Damage    Failure   Level
 Magic Dart               Conj           0%         1d3       88%         1
 Call Imp                 Summ           0%         N/A       96%         2
 Mephitic Cloud           Conj/Pois/Air  0%         N/A       99%         3


Dungeon Overview and Level Annotations

Branches:
Dungeon (5/15)
 Temple: D:4-7

Altars:
Cheibriados

Shops:
D:2 (


Innate Abilities, Weirdness & Mutations

You have a pair of horns on your head.
You reflexively headbutt those who attack you in melee.


Message History

The scorpion stings you but does no damage.
You block the bullfrog skeleton's attack.
The scorpion stings you.
* * * LOW HITPOINT WARNING * * *
Unknown command.
You slash the scorpion!
You kill the scorpion!
Your Dodging skill increases to level 1!
Your Shields skill increases to level 5!
You have reached level 5!
You closely miss the iguana.
The bullfrog skeleton hits you but does no damage.
The iguana barely misses you.
The bullfrog skeleton hits you but does no damage.
Unknown command.
You hit the iguana but do no damage.
The bullfrog skeleton hits you but does no damage.
The iguana completely misses you. You furiously retaliate!
You headbutt the iguana!
You block the bullfrog skeleton's attack.
Unknown command.
Okay, then.
You slash the iguana!
You headbutt the iguana, but do no damage.
The iguana is almost dead.
The iguana bites you.
* * * LOW HITPOINT WARNING * * *
A jelly comes into view.
The bullfrog skeleton hits you but does no damage.
The iguana barely misses you.
You closely miss the iguana.
The iguana is almost dead.
The jelly quivers.
The bullfrog skeleton barely misses you.
You furiously retaliate!
You headbutt the bullfrog skeleton! You block the iguana's attack.
The bullfrog skeleton barely misses you.
It was a potion of haste.
You feel yourself speed up. The bullfrog skeleton hits you.
You die...

. ######....
#l@......#
......Z......##
............J..
...###..###....
.. #..# .## .
#..# # ##.# #..


You could see an iguana, a jelly and a bullfrog skeleton.

Vanquished Creatures
  A scorpion (D:5)
  Natasha (D:4)
  3 adders
  A worm (D:2)
  A dart slug (D:1)
  An orc (D:4)
  5 ball pythons
  8 endoplasms
  A giant cockroach (D:2)
  5 goblins
  4 hobgoblins
  4 kobolds
  4 quokkas
  7 bats
  5 frilled lizards
  5 rats
56 creatures vanquished.

Notes
Turn   | Place    | Note
-------+----------+-------------------------------------------
     0 | D:1      | Peloso the Minotaur Fighter began the quest for the Orb.
     0 | D:1      | Reached XP level 1. HP: 19/19 MP: 0/0
   330 | D:1      | Reached XP level 2. HP: 27/27 MP: 1/1
   793 | D:2      | Found Oqulat's Antique Weapon Emporium.
   808 | D:2      | Found a snail-covered altar of Cheibriados.
  1029 | D:2      | Reached skill level 4 in Shields
  1029 | D:2      | Reached XP level 3. HP: 13/33 MP: 2/2
  1323 | D:2      | Found a faded altar of an unknown god.
  2059 | D:3      | Reached XP level 4. HP: 38/40 MP: 3/3
  2312 | D:3      | Noticed an ogre
  2382 | D:4      | Noticed Natasha
  2389 | D:4      | Killed Natasha
  2454 | D:4      | Noticed an acid dragon
  2454 | D:4      | Noticed a phantom
  2454 | D:4      | Noticed a scorpion
  2478 | D:5      | Entered Level 5 of the Dungeon
  2483 | D:5      | Killed a scorpion
  2484 | D:5      | Reached skill level 1 in Dodging
  2484 | D:5      | Reached skill level 5 in Shields
  2484 | D:5      | Reached XP level 5. HP: 5/46 MP: 4/4
  2486 | D:5      | HP: 2/46 [iguana (4)]
  2488 | D:5      | Slain by a bullfrog skeleton

Illustrated notes

Levels and vault maps discovered:
D:1:      dpeg_arrival_rooms_a, layout_loops_ring
D:2:      minmay_wonky_spiral, layout_basic, serial_shops, nicolae_square_shop,
          basic_altar, nicolae_ecumenical_snake_handling
D:3:      layout_basic, uniq_robin
D:4:      black_bear_nest_2, layout_loops_cross, lemuel_doored_altar,
          temple_doors_ab, minmay_bisected, uniq_natasha, uniq_ijyb,
          uniq_crazy_yiuf_cottage, uniq_eustachio, uniq_blork_the_orc
D:5:      layout_layer_cave, kiku_gazebo_garden_becter, chequers_garden

Skill      XL: |  1  2  3  4 |
---------------+-------------+-----
Armour         | 4 |  4.8
Fighting       | 4 |  4.3
Shields        | 4 5 |  5.1
Long Blades    | 3 |  3.6
Dodging        | 1 |  1.1

Action                   |  1- 3 |  4- 6 || total
-------------------------+-------+-------++-------
Melee: Long sword        |    94 |    39 ||   133
       Headbutt          |    10 |     6 ||    16
  Use: Potion            |       |     1 ||     1
Armor: Scale mail        |    37 |    26 ||    63
Dodge: Dodged            |    37 |    19 ||    56
Block: Buckler           |    32 |    17 ||    49
